 Dungeon Crawl Stone Soup version 0.30-a0-830-gfe289a77b0 (webtiles) character file.

Game seed: 10620302973046067640

2241 ragingrage the Skirmisher (level 9, -2/62 HPs)
             Began as a Formicid Hunter on Feb 28, 2023.
             Was an Elder of Ru.
             Slain by a wyvern (9 damage)
             ... on level 7 of the Dungeon.
             The game lasted 00:10:11 (6019 turns).

ragingrage the Skirmisher (Formicid Hunter)         Turns: 6019, Time: 00:10:12

Health: -2/62      AC:  6    Str: 16      XL:     9   Next: 63%
Magic:  9/9        EV: 13    Int:  8 (9)  God:    Ru [****..]
Gold:   280        SH:  0    Dex: 27      Spells: 2/8 levels left

rFire   . . .      SeeInvis +    a - +0 shortbow
rCold   + . .      Faith    .    (shield unavailable)
rNeg    . . .      Spirit   .    I - +2 leather armour {rC+}
rPois   .          Reflect  .    (helmet unavailable)
rElec   .          Harm     .    (no cloak)
rCorr   .          Rampage  .    k - +0 pair of gloves
Will    .....                    (no boots)
Stlth   +++                      (no amulet)
HPRegen 0.30/turn                (ring unavailable)
MPRegen 0.11/turn                t - +6 ring of dexterity

@: studying Necromancy
A: permanent stasis, dig shafts and tunnels, antennae 3, missing a hand, missing
an eye, four strong arms
a: Dig, Shaft Self, Renounce Religion, Draw Out Power, Power Leap


You were on level 7 of the Dungeon.
You worshipped Ru.
Ru was greatly pleased with you.
You visited 1 branch of the dungeon, and saw 7 of its levels.
You also visited: Sewer.

You collected 390 gold pieces.
You spent 110 gold pieces at shops.

Inventory:

Hand Weapons
 a - a +0 shortbow (weapon)
 b - a +2 dagger of venom
Missiles
 r - 12 poisoned darts
Armour
 k - a +0 pair of gloves (worn)
 I - a +2 leather armour of cold resistance (worn)
Jewellery
 t - a +6 ring of dexterity (right hand)
 w - a ring of positive energy
 x - a ring of ice
 y - a +6 ring of intelligence
Wands
 l - a wand of charming (22)
 A - a wand of iceblast (13)
 D - a wand of flame (24)
Scrolls
 e - a scroll of enchant armour {unknown}
 f - a scroll of enchant weapon {unknown}
 g - 2 scrolls of amnesia {unknown}
 j - 10 scrolls of identify {unknown}
 m - 2 scrolls of immolation
 n - 5 scrolls of teleportation {unknown}
 s - 2 scrolls of vulnerability {unknown}
 v - a scroll of poison {unknown}
 B - 2 scrolls of fog {unknown}
 E - a scroll of acquirement {unknown}
 F - a scroll of brand weapon {unknown}
 G - 3 scrolls of noise {unknown}
Potions
 c - a potion of cancellation {unknown}
 d - 2 potions of heal wounds
 h - a potion of haste
 i - a potion of curing
 u - a potion of brilliance {unknown}
 z - 2 potions of flight {unknown}
 C - a potion of attraction
 H - a potion of berserk rage


   Skills:
 - Level 2.3 Fighting
 + Level 6.1 Short Blades
 + Level 10.1 Ranged Weapons
 - Level 1.9 Dodging
 - Level 4.0 Stealth
 + Level 4.7 Necromancy


You had 2 spell levels left.
You knew the following spells:

 Your Spells              Type           Power      Damage    Failure   Level
a - Wereblood             Tmut           0%         N/A       63%         2
b - Animate Dead          Necr           7%         N/A       58%         4

Your spell library contained the following spells:

 Spells                   Type           Power      Damage    Failure   Level
 Sublimation of Blood     Necr           7%         N/A       12%         2
 Dazzling Flash           Conj/Hex       0%         N/A       85%         3
 Ignite Poison            Fire/Tmut/Pois 0%         N/A       85%         3
 Anguish                  Hex/Necr       1%         N/A       90%         4
 Iskenderun's Mystic Bla  Conj/Tloc      0%         2d3       99%         4
 Borgnjor's Vile Clutch   Necr/Erth      1%         N/A       99%         5
 Alistair's Intoxication  Tmut/Pois      0%         N/A       100%        5
 Death Channel            Necr           3%         N/A       100%        6
 Starburst                Conj/Fire      0%         6d3       100%        6
 Summon Hydra             Summ           0%         N/A       100%        7
 Necromutation            Tmut/Necr      1%         N/A       100%        8


Dungeon Overview and Level Annotations

Branches:
Dungeon (7/15)             Temple (0/1) D:6           Sewer (visited)

Altars:
Gozag
Makhleb
Nemelex Xobeh
Okawaru
Ru
Wu Jian
Xom

Shops:
D:5 [([   D:6 *=

Annotations:
D:5 Edmund


Innate Abilities, Weirdness & Mutations

You cannot be hasted, slowed, berserked, paralysed or teleported.
You can dig through walls and to a lower floor.
You have a pair of large antennae on your head. (SInv)
You are missing a hand.
You are missing an eye, making it more difficult to aim.
Your four strong arms can wield two-handed weapons with a shield.


Message History

Things that are here:
a +0 hand axe; a +0 leather armour; an orc corpse
Things that are here:
a +0 flail; an orc corpse You start resting.
You open the door.
Found an escape hatch in the floor.
There is an open door here.
There is an escape hatch in the floor here.
You now have 280 gold pieces (gained 13).
Found a stone staircase leading up.
There is a stone staircase leading down here.
You open the door.
A wyvern comes into view.
Your +2 dagger of venom stops dripping with poison.
a - a +0 shortbow (weapon)
You shoot an arrow. The arrow hits the wyvern.
The wyvern hisses angrily.
You shoot an arrow. The arrow hits the wyvern.
You shoot an arrow. The arrow hits the wyvern.
The wyvern hisses menacingly.
You shoot an arrow. The arrow hits the wyvern.
Unknown command.
Your +2 dagger of venom begins to drip with poison!
b - a +2 dagger of venom (weapon)
The wyvern barely misses you.
You closely miss the wyvern.
The wyvern bites you but does no damage.
You hit the wyvern.
The wyvern is poisoned.
The wyvern bites you!
You barely miss the wyvern. The wyvern bites you!
You miss the wyvern. The wyvern bites you.
You closely miss the wyvern.
The wyvern bites you but does no damage.
You closely miss the wyvern. The wyvern bites you!
You barely miss the wyvern. The wyvern bites you!
* * * LOW HITPOINT WARNING * * *
Your +2 dagger of venom stops dripping with poison.
a - a +0 shortbow (weapon)
The wyvern bites you!
You die...

#........>....)..##.#
###########.##.#.[..#
#.##.####.########
#................#
####....#.....###
####.##..#.#
######.###)#.#
#......#.....#
#@######.#).## #l#
#.##..# ...
#.###.##### ..... ...
#...... #...... #.#
#...... #....... #.#
##..... #........#.#
##.### #........# #.#
#.##


You could see a wyvern (very poisoned).

Vanquished Creatures
  A troll (D:5)
  Prince Ribbit (D:5)
  2 water moccasins (D:6)
  2 sky beasts (D:7)
  3 black bears
  An ogre (D:6)
  A kobold brigand (D:7)
  3 scorpions
  A howler monkey (D:6)
  3 jellies
  8 hounds
  An orc priest (D:7)
  An iguana (D:3)
  A hell rat (Sewer)
  4 orc wizards
  5 river rats
  10 adders
  2 white imps
  3 worms
  2 dart slugs (D:1)
  12 orcs
  11 ball pythons
  9 endoplasms
  5 giant cockroaches
  9 goblins
  7 hobgoblins
  10 jackals
  14 kobolds
  13 quokkas
  11 bats
  5 frilled lizards
  11 rats
172 creatures vanquished.

Vanquished Creatures (collateral kills)
  An adder (D:5)
1 creature vanquished.

Vanquished Creatures (others)
  An orc (D:7)
1 creature vanquished.

Grand Total: 174 creatures vanquished

Notes
Turn   | Place    | Note
-------+----------+-------------------------------------------
     0 | D:1      | ragingrage the Formicid Hunter began the quest for the Orb.
     0 | D:1      | Reached XP level 1. HP: 16/16 MP: 1/1
    23 | D:1      | Reached XP level 2. HP: 23/23 MP: 2/2
   108 | D:1      | Reached XP level 3. HP: 28/28 MP: 3/3
   390 | D:1      | Learned a level 2 spell: Wereblood
   487 | D:1      | Reached XP level 4. HP: 34/34 MP: 4/4
   636 | D:2      | Got Syjag's Thoughts on the Lethal Tincture
   684 | D:2      | Reached skill level 5 in Ranged Weapons
   724 | D:2      | Reached XP level 5. HP: 39/39 MP: 5/5
   898 | D:2      | Reached skill level 1 in Short Blades
  1240 | D:3      | Found a sacrificial altar of Ru.
  1316 | D:3      | Became a worshipper of Ru the Awakened
  1597 | D:3      | Noticed a floating eye
  1599 | D:3      | Found a faded altar of an unknown god.
  1603 | D:3      | Noticed a golden eye
  1605 | D:3      | Noticed a shining eye
  1605 | D:3      | Noticed a golden eye
  1638 | D:3      | Reached XP level 6. HP: 45/45 MP: 6/6
  1699 | D:3      | Found an ornate altar of the Wu Jian Council.
  1701 | D:3      | Found an opulent altar of Gozag.
  1705 | D:3      | Found a shimmering altar of Xom.
  2477 | D:4      | Reached skill level 6 in Ranged Weapons
  2604 | D:4      | Gained mutation: You are missing a hand. [Ru sacrifice]
  2604 | D:4      | Reached * piety under Ru
  2604 | D:4      | Reached ** piety under Ru
  2604 | D:4      | Reached *** piety under Ru
  2884 | D:4      | Found a burning altar of Makhleb.
  3123 | D:5      | Entered Level 5 of the Dungeon
  3148 | D:5      | Reached XP level 7. HP: 34/51 MP: 7/7
  3227 | D:5      | Noticed a troll
  3348 | D:5      | Noticed Prince Ribbit
  3359 | D:5      | Killed Prince Ribbit
  3360 | D:5      | Reached skill level 7 in Ranged Weapons
  3360 | D:5      | Found Puhepn's Antique Armour Shoppe.
  3410 | D:5      | Found a sparkling altar of Nemelex Xobeh.
  3440 | D:5      | Reached XP level 8. HP: 57/57 MP: 8/8
  3635 | D:5      | Found Oser's Antique Armour Shop.
  3964 | D:5      | Noticed Edmund
  4245 | D:5      | Found Puol's Antique Weapon Boutique.
  4307 | D:5      | Killed a troll
  4308 | D:5      | Reached skill level 8 in Ranged Weapons
  4520 | D:5      | Bought a runed leather armour for 110 gold pieces
  4663 | D:6      | Reached skill level 9 in Ranged Weapons
  4680 | D:6      | Found Dimmyppoe's Jewellery Shoppe.
  4811 | D:6      | Reached skill level 5 in Short Blades
  4811 | D:6      | Reached XP level 9. HP: 44/62 MP: 9/9
  4868 | D:6      | Learned a level 4 spell: Animate Dead
  4909 | D:6      | Found Tuci's Serpentskin Sales.
  4937 | D:6      | Reached skill level 1 in Necromancy
  5124 | D:6      | Found a glowing drain.
  5138 | Sewer    | Entered a sewer
  5390 | D:6      | Found a staircase to the Ecumenical Temple.
  5456 | D:6      | Found an iron altar of Okawaru.
  5484 | D:6      | Gained mutation: You are missing an eye, making it more
                  | difficult to aim. [Ru sacrifice]
  5484 | D:6      | Reached **** piety under Ru
  5686 | D:7      | Reached skill level 10 in Ranged Weapons
  6019 | D:7      | Slain by a wyvern

Illustrated notes

Levels and vault maps discovered:
D:1:      scummos_arrival_hexagon, layout_rooms
D:2:      minmay_wonky_spiral, layout_rooms
D:3:      layout_loops_ring, mainiacjoe_overflow_concentric_impassable,
          minitemple, hellmonk_ecumenical_altar_watching_god, dk_vineyard_2,
          minmay_joined_circles
D:4:      layout_basic, makhleb_heckhound_becter
D:5:      layout_cave_pods, nemelex_xobeh_ov_fountains_minmay, serial_shops,
          shop, nicolae_inconvenience_store, shop, kennysheep_mini, uniq_edmund,
          uniq_prince_ribbit1
D:6:      nicolae_BIG_FREAKIN_CUBE, layout_rooms, mainiacjoe_overflow_24_doors,
          minmay_temple_entry_tees, gup_sewer_entry_bubbles, serial_shops, shop,
          guppyfry_shop_venom
D:7:      layout_basic, amethyst_overflow_temple_binary, uniq_maggie

Skill      XL: |  1  2  3  4  5  6  7  8  9 |
---------------+----------------------------+-----
Stealth        | 2 3 4 |  4.0
Ranged Weapons | 5 6 7 9 10 | 10.1
Short Blades   | 1 3 4 5 6 |  6.1
Necromancy     | 4 |  4.7
Fighting       | |  2.3
Dodging        | |  1.9

Action                     |  1- 3 |  4- 6 |  7- 9 || total
---------------------------+-------+-------+-------++-------
  Melee: Dagger            |       |    52 |   141 ||   193
         Punch             |       |     1 |       ||     1
   Fire: Shortbow          |    88 |   168 |   119 ||   375
 Invoke: Sacrifice a Hand  |       |     1 |       ||     1
         Sacrifice an Eye  |       |       |     1 ||     1
Ability: Dig               |     5 |     4 |       ||     9
  Evoke: Wand              |       |       |     1 ||     1
    Use: Potion            |       |       |    15 ||    15
   Stab: Invisible         |       |     1 |       ||     1
         Sleeping          |       |       |     4 ||     4
         Distracted        |       |       |     1 ||     1
 Armour: Leather armour    |    19 |    46 |    44 ||   109
  Dodge: Dodged            |    34 |    73 |    87 ||   194

Table legend: (Time is in decaauts)
 A = Elapsed time spent in this place.
 B = Non-inter-level travel time spent in this place.
 C = Inter-level travel time spent in this place.
 D = Time resting spent in this place.
 E = Time spent auto-exploring this place.
 F = Levels seen in this place.
 G = Mean time per level.
                   A        B        C        D        E       F      G
               +--------+--------+--------+--------+--------+-----+--------+
         Total |   6068 |   5760 |    308 |    356 |   4065 |   8 |  758.5 |
       Dungeon |   5864 |   5556 |    308 |    356 |   3924 |   7 |  837.7 |
         Sewer |    204 |    204 |      0 |      0 |    141 |   1 |  204.0 |
               +--------+--------+--------+--------+--------+-----+--------+

Top non-repeatable levels by time:
     D:5: 1450 daAuts
     D:4: 1143 daAuts
     D:3: 873 daAuts
     D:6: 836 daAuts
     D:2: 643 daAuts
     D:1: 604 daAuts
     D:7: 312 daAuts
   Sewer: 204 daAuts
